AoeStats
← miguelon01

Oasis

510221896Analyzed
4v4 RM · 1d ago on Sep 30, 2026· 55m 22s· 8 players
Game mode
Random Map
Map size
Large (8 player)
Population
200
Speed
Normal
Resources
Standard
Victory
Conquest
Starting age
Dark Age
Ending age
Imperial Age
RankedLock teamsTeams togetherTeam positionsShared explorationLock speedFull tech treeHidden civsTurbo modeCheats
Victory
Defeat
🇭🇰 Danes · Hong Kong SAR China
1138
+10
🇧🇷 Aztecs · Brazil
1133
+10
🇮🇹 Vietnamese · Italy
1127
+11
🇻🇳 Teutons · Vietnam
1030
+14
🇨🇱 Malay · Chile
1047
-13
🇨🇱 Magyars · Chile
1006
-11
🇧🇷 Huns · Brazil
1005
-11
🇺🇾 Armenians · Uruguay
962
-10
esalasr014
4:57 Loom
10:48 Feudal Age
10:52 Double-Bit Axe
14:54 Town Watch
20:27 Castle Age
19:56 Scale Barding Armor
20:47 Forging
22:06 Wheelbarrow
21:43 Horse Collar
27:59 Bow Saw
27:59 Heavy Plow
32:47 Imperial Age
31:02 Hand Cart
32:44 Elite Battle Elephant
34:49 Chemistry
34:31 Iron Casting
34:59 Conscription
36:25 Caravan
36:44 Siege Engineers
36:54 Husbandry
39:35 Gold Mining
44:31 Fletching
45:04 Ballistics
47:44 Bodkin Arrow
47:42 Guard Tower
48:27 Bracer
50:40 Padded Archer Armor
Kingfallcon
2:16 Loom
13:55 Feudal Age
15:51 Wheelbarrow
14:58 Horse Collar
15:07 Double-Bit Axe
18:32 Gold Mining
18:33 Stone Mining
18:59 Scale Mail Armor
19:10 Forging
20:45 Scale Barding Armor
22:35 Town Watch
24:02 Bloodlines
26:07 Castle Age
26:51 Husbandry
27:39 Bow Saw
28:05 Heavy Plow
28:45 Gold Shaft Mining
31:38 Imperial Age
30:52 Iron Casting
30:33 Chain Mail Armor
30:39 Chain Barding Armor
31:43 Cavalier
34:25 Hand Cart
35:39 Chemistry
35:54 Two-Man Saw
35:34 Paladin
RelyingMarlin25
6:57 Loom
10:39 Feudal Age
11:25 Double-Bit Axe
21:11 Scale Barding Armor
23:34 Bloodlines
25:57 Castle Age
24:10 Horse Collar
26:55 Light Cavalry
28:22 Wheelbarrow
27:32 Town Watch
28:51 Husbandry
31:43 Chain Barding Armor
32:23 Fletching
32:43 Town Patrol
33:21 Gold Mining
33:34 Stone Mining
34:59 Crossbowman
36:03 Bodkin Arrow
36:09 Padded Archer Armor
36:50 Ballistics
37:28 Bow Saw
40:23 Elite Skirmisher
47:28 Imperial Age
50:33 Chemistry
49:42 Recurve Bow
51:42 Elite Magyar Huszar
Pocho32
8:49 Loom
11:37 Feudal Age
15:44 Horse Collar
18:29 Castle Age
17:49 Double-Bit Axe
17:55 Stone Mining
17:56 Gold Mining
19:57 Fletching
20:07 Padded Archer Armor
23:39 Scale Mail Armor
23:50 Forging
23:49 Pikeman
26:57 Squires
29:18 Wheelbarrow
29:29 Gold Shaft Mining
29:07 Bow Saw
30:33 Iron Casting
30:14 Chain Mail Armor
37:57 Imperial Age
34:49 Man-at-Arms
35:15 Gambesons
35:57 Bodkin Arrow
36:21 Leather Archer Armor
36:20 Long Swordsman
38:00 Onager
38:48 Two-Handed Swordsman
Tikka Masala
10:57 Feudal Age
9:42 Loom
11:34 Feudal Age
12:51 Double-Bit Axe
16:03 Castle Age
14:18 Double-Bit Axe
18:30 Bow Saw
20:12 Wheelbarrow
19:53 Horse Collar
21:29 Hand Cart
23:12 Gold Mining
28:26 Imperial Age
25:54 Fletching
27:04 Heavy Plow
27:34 Ballistics
27:10 Bodkin Arrow
27:37 Crossbowman
28:22 Padded Archer Armor
28:20 Stone Mining
28:59 Thumb Ring
28:38 Arbalester
30:21 Chemistry
30:36 Bracer
31:49 Stone Shaft Mining
36:22 Forging
36:13 Scale Mail Armor
43:12 Two-Man Saw
46:57 Murder Holes
49:30 Sappers
miguelon01
11:40 Feudal Age
12:19 Double-Bit Axe
12:24 Loom
23:48 Castle Age
22:16 Stone Mining
23:08 Horse Collar
29:14 Gold Mining
33:06 Imperial Age
31:18 Wheelbarrow
32:27 Forging
32:19 Scale Mail Armor
33:36 Fletching
35:44 Capped Ram
38:30 Chain Mail Armor
37:44 Pikeman
38:25 Squires
40:57 Gold Shaft Mining
41:45 Arson
42:48 Ballistics
42:13 Treadmill Crane
43:29 Bow Saw
43:21 Heavy Plow
44:59 Plate Mail Armor
45:06 Iron Casting
46:06 Crop Rotation
48:11 Blast Furnace
48:17 Hand Cart
49:30 Chemistry
48:52 Ballistics
50:50 Elite Jaguar Warrior
54:08 Siege Engineers
javier1205hk
10:25 Feudal Age
14:36 Double-Bit Axe
16:05 Wheelbarrow
19:07 Castle Age
19:49 Stone Mining
20:25 Bow Saw
22:10 Pikeman
22:38 Gambesons
23:12 Forging
24:37 Scale Mail Armor
26:50 Iron Casting
28:52 Gold Mining
33:06 Hand Cart
32:37 Loom
33:40 Gold Shaft Mining
34:06 Chain Mail Armor
33:59 Horse Collar
35:13 Squires
37:13 Arson
40:16 Imperial Age
39:46 Masonry
40:52 Halberdier
43:21 Heavy Plow
43:27 Onager
46:52 Siege Onager
54:24 Town Watch
Súp gà noob 1000kg
8:03 Loom
8:10 Loom
10:48 Feudal Age
14:12 Fletching
31:33 Castle Age
30:08 Double-Bit Axe
30:58 Horse Collar
32:53 Wheelbarrow
35:01 Bow Saw
35:00 Heavy Plow
35:59 Town Watch
37:41 Pikeman
38:22 Squires
Connection lost

Rejoining the realm…

Still unreachable

The connection could not be restored.

Session expired

The server has moved on; the page needs a fresh start.